 Dungeon Crawl Stone Soup version 0.29.1-15-g9cfb28693d (webtiles) character file.

Game seed: 10182483438886522474

265 Heoruswealwe the Magician (level 5, -6/28 HPs)
             Began as a Deep Elf Earth Elementalist on Apr 13, 2023.
             Mangled by a shadow demon (7 damage)
             ... created by the darkness of Dithmenos
             ... in a sewer.
             The game lasted 00:21:33 (1769 turns).

Heoruswealwe the Magician (DEEE)                    Turns: 1769, Time: 00:21:33

Health: -6/28      AC:  4    Str:  9    XL:     5   Next: 99%
Magic:  13/15      EV: 12    Int: 21    God:
Gold:   123        SH:  0    Dex: 14    Spells: 6/16 levels left

rFire   . . .      SeeInvis .   w - +0 battleaxe
rCold   . . .      Faith    .   (shield currently unavailable)
rNeg    . . .      Spirit   .   a - +0 robe
rPois   .          Reflect  .   x - +0 helmet
rElec   .          Harm     .   (no cloak)
rCorr   .          Rampage  .   (no gloves)
Will    .....                   q - +0 pair of boots
Stlth   ++........              (no amulet)
HPRegen 0.09/turn               r - ring of flight
MPRegen 0.14/turn               (no ring)

@: flying
A: talons 1, strong 1
a: no special abilities


You were in a sewer.
You visited 1 branch of the dungeon, and saw 3 of its levels.
You also visited: Sewer.

You collected 123 gold pieces.

Inventory:

Hand Weapons
 w - a +0 battleaxe (weapon)
Armour
 a - a +0 robe (worn)
 e - a +0 animal skin
 f - a +0 robe
 j - a +0 robe
 m - a +0 robe
 q - a +0 pair of boots (worn)
 s - a +0 robe
 x - a +0 helmet (worn)
Jewellery
 r - a ring of flight (left hand)
Wands
 y - a wand of roots (3)
Scrolls
 g - a scroll of enchant weapon {unknown}
 h - a scroll of poison {unknown}
 i - 2 scrolls of identify {unknown}
 l - a scroll of noise {unknown}
 n - a scroll of fear {unknown}
 p - 3 scrolls of teleportation {unknown}
 z - a scroll of acquirement {unknown}
 A - a scroll of enchant armour {unknown}
Potions
 d - a potion of attraction {unknown}
 o - a potion of haste {unknown}
 t - a potion of invisibility {unknown}
 u - a potion of brilliance {unknown}
 v - a potion of cancellation


   Skills:
 - Level 2.4 Dodging
 - Level 2.4 Stealth
 + Level 6.3 Spellcasting
 - Level 1.1 Transmutations
 + Level 5.7 Earth Magic


You had 6 spell levels left.
You knew the following spells:

 Your Spells              Type           Power      Damage    Failure   Level
a - Sandblast             Erth           60%        2d14      1%          1
b - Stone Arrow           Conj/Erth      36%        3d9       9%          3
c - Petrify               Tmut/Erth      20%        N/A       24%         4
z - Passwall              Tmut/Erth      16%        N/A       3%          2

Your spell library contained the following spells:

 Spells                   Type           Power      Damage    Failure   Level
 Magic Dart               Conj           24%        1d4       10%         1
 Blink                    Tloc           12%        N/A       14%         2
 Call Imp                 Summ           6%         N/A       14%         2
 Mephitic Cloud           Conj/Pois/Air  6%         N/A       28%         3
 Manifold Assault         Tloc           6%         N/A       95%         5
 Storm Form               Tmut/Air       4%         N/A       100%        7


Dungeon Overview and Level Annotations

Branches:
Dungeon (3/15)              Sewer (1/1)

Altars:
Dithmenos


Innate Abilities, Weirdness & Mutations

You have sharp toenails.
Your muscles are strong. (Str +4, Int/Dex -1)


Message History

The blast of sand hits the shadow demon.
The shadow demon is moderately wounded.
The shadow demon splashes around in the water. x2
The blast of sand hits the shadow demon!
The shadow demon is heavily wounded.
The shadow demon splashes around in the water.
You are out of magic!
Magic courses through your body. The shadow demon hits you!
The blast of sand hits the shadow demon.
The shadow demon is heavily wounded.
The shadow demon misses you. The shadow demon hits you.
Casting: Sandblast (safe; 1% risk of failure)
Confirm with . or Enter, or press ? or * to list all spells.
Aiming: Sandblast (safe; 1% risk of failure)
Press: ? - help, Shift-Dir - straight line, f/p - shadow demon
Aim: a shadow demon (heavily wounded, durably summoned, 80% to hit)
The blast of sand hits the shadow demon.
The shadow demon is severely wounded.
The shadow demon hits you.
* * * LOW HITPOINT WARNING * * *
Casting: Sandblast (safe; 1% risk of failure)
Confirm with . or Enter, or press ? or * to list all spells.
Aiming: Sandblast (safe; 1% risk of failure)
Press: ? - help, Shift-Dir - straight line, f/p - shadow demon
Aim: a shadow demon (severely wounded, durably summoned, 80% to hit)
The blast of sand hits the shadow demon!
The shadow demon is almost dead.
The shadow demon gestures.
The frilled lizard hisses.
The shadow demon hits you.
* * * LOW HITPOINT WARNING * * *
Casting: Sandblast (safe; 1% risk of failure)
Confirm with . or Enter, or press ? or * to list all spells.
You don't know that spell.
It was a potion of cancellation.
You feel magically purged.
The shadow demon gestures.
It was a potion of mutation.
You feel extremely strange.
You feel stronger.
Your toenails lengthen and sharpen.
The shadow demon hits you!
You die...

†######~.~##~#.∩.≈≈≈≈≈#
~#~~~~~~..##~#....≈≈≈##
~######..###~#..######
~#...~.~## #†#..~~~~~#
~#~.~...# #~##.######
###.).~## #~##...≈≈≈#
~~†)...# #~###..≈≈≈#
###†.w################
.~.†~S~l)~wSll22@#
~..~.S######l#####
.~.~.†.# ..## ..~.~.~#
#~# ....~.~. ##
....~...# P~.....~~
~P.PP.


You could see 2 shadow demons, a worm (summoned), a ball python (summoned) and 3
frilled lizards.

Vanquished Creatures
  A kobold brigand (Sewer)
  A hound (D:3)
  Robin (D:3)
  4 adders
  2 river rats (Sewer)
  3 worms
  2 dart slugs (D:1)
  16 ball pythons
  2 endoplasms
  4 giant cockroaches
  12 goblins
  2 hobgoblins (D:1)
  10 jackals
  A quokka (D:1)
  9 bats
  6 frilled lizards
  6 kobolds
  7 rats
89 creatures vanquished.

Vanquished Creatures (others)
  12 plants (Sewer)
  5 withered plants (D:2)
17 creatures vanquished.

Grand Total: 106 creatures vanquished

Notes
Turn   | Place    | Note
-------+----------+-------------------------------------------
     0 | D:1      | Heoruswealwe the Deep Elf Earth Elementalist began the
                  | quest for the Orb.
     0 | D:1      | Reached XP level 1. HP: 10/10 MP: 6/6
   157 | D:1      | Reached XP level 2. HP: 15/15 MP: 3/8
   160 | D:1      | Learned a level 2 spell: Passwall
   324 | D:1      | Reached skill level 4 in Spellcasting
   334 | D:1      | Reached XP level 3. HP: 19/19 MP: 3/10
   924 | D:2      | Found a faded altar of an unknown god.
   993 | D:2      | Prayed at the altar of an unknown god.
   993 | D:2      | Became a worshipper of Dithmenos the Shadowed
   993 | D:2      | Reached * piety under Dithmenos
   994 | D:2      | Fell from the grace of Dithmenos
  1045 | D:2      | Reached XP level 4. HP: 12/24 MP: 8/12
  1352 | D:3      | Learned a level 3 spell: Stone Arrow
  1357 | D:3      | Learned a level 4 spell: Petrify
  1393 | D:3      | Reached skill level 5 in Spellcasting
  1431 | D:3      | Noticed Robin
  1459 | D:3      | Killed Robin
  1460 | D:3      | Reached skill level 5 in Earth Magic
  1460 | D:3      | Reached XP level 5. HP: 11/28 MP: 5/14
  1558 | D:3      | Found a glowing drain.
  1601 | Sewer    | Entered a sewer
  1733 | Sewer    | Noticed a shadow demon
  1733 | Sewer    | Noticed a shadow demon
  1733 | Sewer    | Noticed a shadow
  1738 | Sewer    | HP: 1/28 [shadow demon[the darkness of Dithmenos] (5)]
  1747 | Sewer    | Reached skill level 6 in Spellcasting
  1767 | Sewer    | HP: 1/28 [shadow demon[the darkness of Dithmenos] (5)]
  1769 | Sewer    | Gained mutation: Your muscles are strong. (Str +4, Int/Dex
                  | -1) [potion of mutation]
  1769 | Sewer    | Gained mutation: You have sharp toenails. [potion of
                  | mutation]
  1769 | Sewer    | Mangled by a shadow demon

Illustrated notes

Levels and vault maps discovered:
D:1:      sevenhm_arrival_forest_fort_large_2, layout_basic
D:2:      layout_basic, ebering_ecumenical_altar_petrified, nrook_mini_backslash
D:3:      layout_loops_ring, portal_sewer_entry_a, minmay_curled_crystal,
          serial_park_tiny_1, hangedman_decor_points, minmay_snake_closets,
          uniq_robin, uniq_crazy_yiuf_cottage
Sewer:    sewer_co_scattered_pipes

Skill      XL: |  1  2  3  4  5 |
---------------+----------------+-----
Spellcasting   | 4 5 6 |  6.3
Earth Magic    | 4 5 |  5.7
Dodging        | |  2.4
Stealth        | |  2.4
Transmutations | |  1.1

Action                   |  1- 3 |  4- 6 || total
-------------------------+-------+-------++-------
Melee: Unarmed           |    29 |       ||    29
       Battleaxe         |       |    15 ||    15
 Cast: Sandblast         |    54 |    72 ||   126
       Passwall          |     1 |       ||     1
Invok: Renounce Religion |     1 |       ||     1
  Use: Potion            |       |     8 ||     8
Armor: Robe              |     1 |    10 ||    11
Dodge: Dodged            |    10 |    22 ||    32
